 Dungeon Crawl Stone Soup version 0.21.1-1-g345015f (webtiles) character file.

97 Iko the Sneak (level 4, 0/40 HPs)
             Began as a Deep Dwarf Assassin on June 12, 2018.
             Slain by a quokka (1 damage)
             ... on level 4 of the Dungeon.
             The game lasted 00:08:22 (671 turns).

Iko the Sneak (Deep Dwarf Assassin)                  Turns: 671, Time: 00:08:23

Health: 0/40       AC:  6    Str: 15    XL:     4   Next: 42%
Magic:  4/4        EV: 12    Int: 12    God:
Gold:   44         SH:  0    Dex: 14    Spells: 3/3 levels left

rFire    . . .     SeeInvis .   h - +0 great sword
rCold    . . .     Gourm    .   (shield currently unavailable)
rNeg     . . .     Faith    .   i - +0 leather armour
rPois    .         Spirit   .   (no helmet)
rElec    .         Reflect  .   d - +0 cloak
rCorr    .         Harm     .   k - +0 pair of gloves
MR       .....                  a - +0 pair of boots
Stlth    +++.......             (no amulet)
HPRegen  0.00/turn              (no ring)
MPRegen  0.09/turn              (no ring)

@: non-regenerating
A: damage resistance, heal wounds, sense surroundings 1, no regeneration
a: Heal Wounds


You were on level 4 of the Dungeon.
You were not hungry.

You visited 1 branch of the dungeon, and saw 5 of its levels.

You collected 44 gold pieces.

Inventory:

Hand Weapons
 b - a +1 blowgun
 h - a +0 great sword (weapon)
Missiles
 e - 2 poisoned needles
 f - 2 curare-tipped needles
Armour
 a - a +0 pair of boots (worn)
 c - a +0 large shield
 d - a +0 cloak (worn)
 i - a +0 leather armour (worn)
 k - a +0 pair of gloves (worn)
Comestibles
 g - 2 rations


   Skills:
 + Level 2.3 Fighting
   Level 1.9(2.0) Short Blades
 + Level 0.3(1.3) Long Blades
   Level 0.1 Polearms
 + Level 2.9 Throwing
 + Level 0.4 Armour
 + Level 1.6 Dodging
 + Level 5.7 Stealth


You had 3 spell levels left.
You didn't know any spells.

Dungeon Overview and Level Annotations

Branches:
Dungeon (5/15)
 Temple: D:4-7

Altars:

Annotations:
D:5 Eustachio


Innate Abilities, Weirdness & Mutations

You are resistant to damage.
You can heal yourself by infusing magical energy.
You passively map a small area around you.
You do not regenerate.


Message History

Keep disrobing?
* * * LOW HITPOINT WARNING * * *
You start removing your armour.
You continue taking off your +0 large shield.
You block the quokka's attack. You block the worm's attack.
You continue taking off your +0 large shield.
The quokka barely misses you. You block the worm's attack.
You continue taking off your +0 large shield.
You block the quokka's attack.
You continue taking off your +0 large shield.
The quokka bites you but does no damage.
You block the worm's attack.
The quokka bites you but does no damage.
You finish taking off your +0 large shield.
The quokka misses you.
h - a +0 great sword (weapon)
The quokka closely misses you.
You riposte.
You miss the quokka. You closely miss the quokka.
The quokka closely misses you. The quokka bites you.
You die...

* # *, #. # #.♣ ,*.#
### , 8
#..♣♣♣♣♣♣♣♣.#
♣♣PP♣## #.......#..♣
P.....# *8
#.........#♣♣....♣,*
.###....w..###♣..P.♣
, ........r@...>..♣
* #.##.......##.P.♣
* ♣(.....####.♣.♣ ,
* .((......# #.#.###
** .P♣......#
..#..<# , . ♣♣♣....#
...#####
♣♣...#....+, ,,* * ≈
,*♣...#....#* * * *


You could see a worm and a quokka.

Vanquished Creatures
  A hound (D:2)
  Robin (D:2)
  An ooze (D:2)
  A worm (D:3)
  2 dart slugs
  A ball python (D:2)
  A giant cockroach (D:1)
  11 goblins (D:2)
  2 hobgoblins
  11 jackals
  4 kobolds
  A bat (D:1)
  3 frilled lizards
  3 rats
43 creatures vanquished.

Notes
Turn   | Place    | Note
-------+----------+-------------------------------------------
     0 | D:1      | Iko the Deep Dwarf Assassin began the quest for the Orb.
     0 | D:1      | Reached XP level 1. HP: 19/19 MP: 1/1
    14 | D:1      | Reached skill level 5 in Stealth
    66 | D:1      | Reached XP level 2. HP: 15/26 MP: 2/2
   305 | D:2      | Reached XP level 3. HP: 27/32 MP: 3/3
   308 | D:2      | Noticed Robin
   318 | D:2      | Killed Robin
   519 | D:2      | Reached XP level 4. HP: 3/39 MP: 4/4
   648 | D:5      | Entered Level 5 of the Dungeon
   648 | D:5      | Noticed Eustachio
   663 | D:4      | HP: 1/40 [quokka (2)]
   671 | D:4      | Slain by a quokka

Skill      XL: |  1  2 |
---------------+-------+-----
Stealth        | 5 |  5.7
Throwing       | 2 |  2.9
Fighting       | 2 |  2.3
Short Blades   | |  1.9
Long Blades    | |  0.3
Polearms       | |  0.1
Armour         | |  0.4
Dodging        | |  1.6

Action                   |  1- 3 |  4- 6 || total
-------------------------+-------+-------++-------
Melee: Dagger            |    12 |       ||    12
       Short sword       |    17 |       ||    17
       Spear             |    47 |       ||    47
       Great sword       |     8 |    12 ||    20
       Blowgun           |       |     1 ||     1
 Fire: Blowgun           |    37 |     7 ||    44
  Use: Potion            |     4 |       ||     4
       Scroll            |     1 |     3 ||     4
Armor: Robe              |     9 |       ||     9
       Leather armour    |    24 |    12 ||    36
Dodge: Dodged            |    71 |    27 ||    98
Block: Large shield      |       |     7 ||     7
       Rpst.: Great sword |     5 |     8 ||    13
